[Event "Titled Tuesday Blitz February 15 Early 2022"]
[White "Riehle, Marco"]
[Black "Orlov, Georgi"]
[WhiteFideId "12904392"]
[BlackFideId "2011271"]
[WhiteElo "2462"]
[BlackElo "2506"]
[Result "0-1"]
[Round "08"]
[TimeControl "180+1"]
[Date "2022.02.15"]
[WhiteClock "0:02:08"]
[BlackClock "0:00:35"]

1. e4 e6 2. c4 d5 3. cxd5 exd5 4. Qb3 dxe4 5. Bc4 Qd7 6. Nh3 Na6 7. Ng5 Nh6 8. Bxa6 bxa6 9. O-O Be7 10. Nxe4 Nf5 11. d3 Nd4 12. Qc4 Bb7 13. Be3 Ne6 14. Nbc3 O-O 15. Rfe1 Kh8 16. Rad1 f5 17. Nc5 Bxc5 18. Bxc5 Qc6 19. Qd5 Nxc5 20. Qxc6 Bxc6 21. d4 Ne4 22. d5 Nxc3 23. bxc3 Bb5 24. Re7 Rac8 25. f4 Rfe8 26. Rde1 Rxe7 27. Rxe7 Bc4 28. Re5 Bxa2 29. Rxf5 Rd8 30. Kf2 Bxd5 31. Ke3 a5 32. c4 Bxc4 33. Rxa5 a6 34. Rc5 Re8+ 35. Kd4 Bf1 36. Rxc7 Bxg2 37. f5 Kg8 38. h4 Re4+ 39. Kc5 Rxh4 40. Kd6 Rd4+ 41. Ke6 Re4+ 42. Kd6 Kf8 43. Ra7 Bf1 44. Kd5 Re7 45. Ra8+ Kf7 46. Kd6 Bb5 47. Kd5 Rd7+ 48. Ke5 Rc7 49. Rh8 h6 50. Ra8 Rc5+ 51. Kd6 Rxf5 52. Ra7+ Kf6 53. Ra8 g5 54. Rg8 h5 55. Rf8+ Kg6 56. Rg8+ Kh7 57. Rc8 g4 58. Rc7+ Kg6 59. Rc8 Rf6+ 60. Kc5 Kf5 61. Rg8 Kf4 62. Kb4 g3 63. Kc3 Kf3 64. Kb2 g2 65. Rc8 Kf2 66. Rc2+ Be2 67. Rc1 g1=Q 68. Rc2 Qg7 69. Kc1 Qg5+ 70. Kb1 Rb6+ 71. Rb2 Rxb2+ 72. Ka1 Qc1# 0-1


[Site "https://www.chess.com"]

[Event "Titled Tuesday Blitz February 15 Early 2022"]
[White "Rodchenkov, Sergey D."]
[Black "Dvirnyy, Danyyil"]
[WhiteFideId "4168712"]
[BlackFideId "817570"]
[WhiteElo "2306"]
[BlackElo "2546"]
[Result "0-1"]
[Round "08"]
[TimeControl "180+1"]
[Date "2022.02.15"]
[WhiteClock "0:00:03"]
[BlackClock "0:02:16"]

1. e4 c5 2. Nf3 d6 3. d4 cxd4 4. Nxd4 Nf6 5. Nc3 a6 6. Bg5 Nbd7 7. Qe2 h6 8. Bh4 g6 9. O-O-O e5 10. Nb3 Be7 11. f3 b5 12. a3 Qc7 13. Be1 Nb6 14. Na5 Be6 15. Kb1 Rb8 16. Qf2 O-O 17. g4 d5 18. exd5 Nfxd5 19. Ne4 Nc4 20. Bxc4 bxc4 21. Ka1 c3 22. b4 Bxb4 23. Rxd5 Bxd5 24. axb4 Rxb4 25. Nb3 Bxb3 26. cxb3 Rxb3 27. Qa2 Rfb8 28. Bxc3 Rxc3 29. Nf6+ Kg7 30. Nd5 Rc1+ 0-1


[Site "https://www.chess.com"]

[Event "Titled Tuesday Blitz February 15 Early 2022"]
[White "Ronka, Erik"]
[Black "Cramling Bellon, Anna"]
[WhiteFideId "505080"]
[BlackFideId "32009232"]
[WhiteElo "2264"]
[BlackElo "1905"]
[Result "1/2-1/2"]
[Round "08"]
[TimeControl "180+1"]
[Date "2022.02.15"]
[WhiteClock "0:00:06"]
[BlackClock "0:00:06"]

1. d4 Nf6 2. Nf3 d5 3. g3 c5 4. Bg2 Nc6 5. O-O Bf5 6. c4 e6 7. cxd5 exd5 8. Nc3 Be7 9. dxc5 O-O 10. a3 Bxc5 11. b4 Be7 12. Bb2 d4 13. Nb5 d3 14. e3 a5 15. Nbd4 Be4 16. b5 Nxd4 17. Nxd4 Qd5 18. Bxe4 Qxe4 19. Qf3 Rac8 20. Qxe4 Nxe4 21. Rfd1 Nc5 22. Nf5 Rfe8 23. Nxg7 Red8 24. Nf5 Bf8 25. Bf6 Rd7 26. Rac1 Re8 27. Bd4 Nb3 28. Rc4 Nxd4 29. Rxd4 Rxd4 30. Nxd4 Bxa3 31. Rxd3 Bc5 32. Nb3 Bb4 33. Nc1 Rc8 34. Na2 Rc2 35. Nxb4 axb4 36. Rb3 Rc1+ 37. Kg2 Rc4 38. Kf3 Kg7 39. e4 Kf6 40. Ke3 Ke5 41. f4+ Kd6 42. Kd3 Kc5 43. b6 Rd4+ 44. Ke3 Rc4 45. f5 Kxb6 46. g4 Kc5 47. h4 h6 48. g5 hxg5 49. hxg5 Rc1 50. Kf2 b5 51. g6 fxg6 52. fxg6 Rc2+ 53. Ke1 Rg2 54. Kd1 Rxg6 55. Kc1 Re6 56. Re3 Kc4 57. Kb2 Kd4 58. Rg3 Rxe4 59. Rg5 Kc4 60. Rg8 Re2+ 61. Kb1 Kb3 62. Rg3+ Ka4 63. Rh3 b3 64. Rh8 Re1+ 65. Kb2 Re2+ 66. Kb1 Kb4 67. Ra8 Kc3 68. Rc8+ Kb4 69. Ra8 Kc3 70. Rc8+ Kb4 71. Ra8 1/2-1/2


[Site "https://www.chess.com"]

[Event "Titled Tuesday Blitz February 15 Early 2022"]
[White "Rosenberg, Evan S"]
[Black "Sharapov, Evgeny"]
[WhiteFideId "2019299"]
[BlackFideId "14103133"]
[WhiteElo "2349"]
[BlackElo "2367"]
[Result "0-1"]
[Round "08"]
[TimeControl "180+1"]
[Date "2022.02.15"]
[WhiteClock "0:00:01"]
[BlackClock "0:01:01"]

1. Nf3 c5 2. c4 Nc6 3. Nc3 e5 4. g3 g6 5. Bg2 Bg7 6. O-O d6 7. d3 Nge7 8. a3 a5 9. Rb1 O-O 10. Nd5 Nxd5 11. cxd5 Ne7 12. Nd2 b5 13. b4 cxb4 14. axb4 a4 15. Ba3 Bb7 16. e4 Qb6 17. Rc1 f5 18. Nb1 f4 19. Qg4 Bc8 20. Rxc8 Raxc8 21. Qe6+ Rf7 22. gxf4 exf4 23. Bh3 Be5 24. Qd7 Rd8 25. Qg4 f3 26. Qh4 Kg7 27. Be6 Rf6 28. Nd2 Qd4 29. Nxf3 Qxd3 30. Nxe5 dxe5 31. Bb2 Nc6 32. f4 Qxe4 33. Qf2 Nd4 34. Bxd4 Qxd4 35. Qxd4 exd4 36. Kg2 a3 37. Kf3 a2 38. Ke4 Ra8 0-1


[Site "https://www.chess.com"]

[Event "Titled Tuesday Blitz February 15 Early 2022"]
[White "Rostovtsev, Dmitry"]
[Black "Cori T., Deysi"]
[WhiteFideId "34278320"]
[BlackFideId "3801934"]
[WhiteElo "2803"]
[BlackElo "2584"]
[Result "0-1"]
[Round "08"]
[TimeControl "180+1"]
[Date "2022.02.15"]
[WhiteClock "0:00:01"]
[BlackClock "0:00:09"]

1. e4 e6 2. d4 d5 3. Nc3 Be7 4. Nf3 Nf6 5. Bd3 c5 6. exd5 Nxd5 7. dxc5 Bxc5 8. Ne4 Be7 9. O-O O-O 10. Qe2 Nc6 11. Rd1 Qc7 12. c4 Nf4 13. Bxf4 Qxf4 14. Ng3 e5 15. Qe4 g6 16. Qxf4 exf4 17. Ne2 g5 18. Ned4 Bf6 19. Be4 Nxd4 20. Nxd4 Rd8 21. Bd5 Kg7 22. b3 Be6 23. Bxe6 Bxd4 24. Bd5 Bxa1 25. Rxa1 Rab8 26. a4 b6 27. Kf1 Re8 28. b4 Re5 29. b5 Rd8 30. a5 Rdxd5 31. cxd5 Rxd5 32. axb6 axb6 33. Rb1 Rd2 34. Ke1 Rc2 35. Rd1 Rc5 36. Rb1 Kf6 37. Kd2 g4 38. Rb4 Kf5 39. g3 fxg3 40. hxg3 h5 41. Ke3 Re5+ 42. Kd3 Ke6 43. Rb1 f5 44. Kc4 Re2 45. Ra1 Rc2+ 46. Kb4 Rb2+ 47. Kc4 f4 48. Ra6 Rxf2 49. Rxb6+ Kd7 50. gxf4 g3 51. Rg6 h4 52. Kd5 Rxf4 53. Rg7+ Kc8 54. b6 Rb4 55. Kc6 Rc4+ 56. Kb5 Rf4 57. Kc6 Rf6+ 58. Kb5 Rh6 59. Ka6 h3 60. Ka7 Rxb6 61. Rxg3 Rh6 62. Rg1 h2 63. Rh1 Kc7 0-1


[Site "https://www.chess.com"]

[Event "Titled Tuesday Blitz February 15 Early 2022"]
[White "Ruperez Benito, Antonio"]
[Black "Ljukin, Sergei"]
[WhiteFideId "22245049"]
[BlackFideId "14102200"]
[WhiteElo "2249"]
[BlackElo "2312"]
[Result "1-0"]
[Round "08"]
[TimeControl "180+1"]
[Date "2022.02.15"]
[WhiteClock "0:00:57"]
[BlackClock "0:00:17"]

1. e4 e6 2. Nf3 d5 3. exd5 exd5 4. d4 Nf6 5. c4 Bb4+ 6. Nc3 O-O 7. Be2 Be6 8. O-O dxc4 9. Bg5 Nbd7 10. d5 Bg4 11. Bxc4 Be7 12. h3 Bh5 13. Re1 Nb6 14. Bxf6 Bxf6 15. Bb3 Re8 16. Qd3 Bg6 17. Qd2 a6 18. Rxe8+ Qxe8 19. Re1 Qf8 20. Ne4 Bxe4 21. Rxe4 Re8 22. Re2 Re7 23. h4 h6 24. g3 Qe8 25. Rxe7 Qxe7 26. Nh2 Qe4 27. d6 Qc6 28. dxc7 Qxc7 29. Ng4 Be7 30. Qd3 h5 31. Nh6+ Kf8 32. Nxf7 Qc1+ 33. Kh2 Qxb2 34. Qe3 Qf6 35. Ng5 Nd7 36. Nh7+ 1-0


[Site "https://www.chess.com"]

[Event "Titled Tuesday Blitz February 15 Early 2022"]
[White "Rustemov, Alexander"]
[Black "Hansen, Eric"]
[WhiteFideId "4119002"]
[BlackFideId "2606771"]
[WhiteElo "2804"]
[BlackElo "2568"]
[Result "1/2-1/2"]
[Round "08"]
[TimeControl "180+1"]
[Date "2022.02.15"]
[WhiteClock "0:00:06"]
[BlackClock "0:00:03"]

1. d4 d5 2. c4 e6 3. Nc3 Be7 4. Nf3 Nf6 5. Bg5 h6 6. Bxf6 Bxf6 7. e3 c6 8. Rc1 Nd7 9. Bd3 O-O 10. O-O g6 11. Qc2 Bg7 12. Rfd1 Qe7 13. e4 dxc4 14. Bxc4 e5 15. d5 Nb6 16. Bb3 Bg4 17. Qe2 Rac8 18. h3 Bd7 19. dxc6 Bxc6 20. Rd3 Rfd8 21. Rcd1 Rxd3 22. Qxd3 Bf8 23. Nd5 Bxd5 24. Bxd5 Kg7 25. Bb3 Qf6 26. g3 Be7 27. Kg2 Rc7 28. h4 Rd7 29. Qb5 Rxd1 30. Bxd1 Bd6 31. Bb3 Qe7 32. a4 Bc5 33. h5 a6 34. Qd3 Qd6 35. Qc2 g5 36. Nh2 Qc6 37. Ng4 Bd4 38. Qd3 f5 39. Ne3 Qxe4+ 40. Qxe4 fxe4 41. Nf5+ Kh7 42. a5 Nd7 43. Bd5 Bxb2 44. Bxe4 Nf6 45. Bxb7 Bc3 46. Bxa6 Bxa5 47. Be2 g4 48. Ne3 Nxh5 1/2-1/2


[Site "https://www.chess.com"]

[Event "Titled Tuesday Blitz February 15 Early 2022"]
[White "Sadhwani, Raunak"]
[Black "Garriga Cazorla, Pere"]
[WhiteFideId "35093487"]
[BlackFideId "32011601"]
[WhiteElo "2616"]
[BlackElo "2458"]
[Result "0-1"]
[Round "08"]
[TimeControl "180+1"]
[Date "2022.02.15"]
[WhiteClock "0:00:31"]
[BlackClock "0:00:23"]

1. d4 Nf6 2. Nf3 e6 3. Bf4 c5 4. e3 d5 5. Nbd2 Nc6 6. c3 cxd4 7. exd4 Nh5 8. Be3 Bd6 9. Bd3 Nf4 10. Bxf4 Bxf4 11. g3 Bh6 12. O-O O-O 13. Re1 g6 14. h4 Bg7 15. h5 Re8 16. hxg6 hxg6 17. Kg2 e5 18. dxe5 Nxe5 19. Nxe5 Rxe5 20. Rxe5 Bxe5 21. Nf3 Bg4 22. Be2 Bg7 23. Qd2 Qb6 24. Nd4 Bd7 25. Bf3 Qd6 26. Re1 a5 27. a3 Re8 28. Rd1 Ba4 29. Rh1 Bd7 30. Rd1 Ba4 31. Re1 Rxe1 32. Qxe1 Bd7 33. Qd2 Bc6 34. b4 axb4 35. axb4 Bf6 36. Qe3 Bd7 37. Qd3 Kg7 38. Ne2 Be6 39. Nf4 d4 40. Nxe6+ Qxe6 41. cxd4 Qd6 42. Qb5 b6 43. d5 Bc3 44. Qc4 Qxb4 45. Qe2 Qd6 46. Qd3 Bf6 47. Bd1 Be7 48. Bb3 Qf6 49. f4 Bc5 50. Kf3 Bd6 51. Ba4 Qa1 52. Bc6 Qh1+ 53. Ke2 Qg2+ 54. Kd1 Qg1+ 55. Kc2 Qc5+ 56. Kb3 Qa3+ 57. Kc4 Qb4# 0-1


[Site "https://www.chess.com"]

[Event "Titled Tuesday Blitz February 15 Early 2022"]
[White "Sadovsky, Artem"]
[Black "Narayanan.S.L"]
[WhiteFideId "4155840"]
[BlackFideId "5058422"]
[WhiteElo "2369"]
[BlackElo "2494"]
[Result "0-1"]
[Round "08"]
[TimeControl "180+1"]
[Date "2022.02.15"]
[WhiteClock "0:00:04"]
[BlackClock "0:01:24"]

1. Nf3 Nf6 2. e3 g6 3. b3 Bg7 4. Bb2 d6 5. c4 e5 6. d4 e4 7. Nfd2 O-O 8. Nc3 Re8 9. d5 Nbd7 10. Qc2 Qe7 11. Be2 Nc5 12. b4 Ncd7 13. h3 a5 14. a3 h5 15. g4 hxg4 16. hxg4 axb4 17. axb4 Rxa1+ 18. Bxa1 Ne5 19. g5 Nh7 20. Ndxe4 Nxg5 21. f4 Nxe4 22. Nxe4 Nf3+ 23. Kf2 Bxa1 24. Rxa1 Qh4+ 25. Kxf3 Bg4+ 26. Kg2 Qh3+ 27. Kf2 Qh2+ 28. Ke1 Rxe4 29. Ra8+ Kh7 30. Qb2 Qg1+ 0-1


[Site "https://www.chess.com"]

[Event "Titled Tuesday Blitz February 15 Early 2022"]
[White "Safarli, Eltaj"]
[Black "Lazavik, Denis"]
[WhiteFideId "13402129"]
[BlackFideId "13515110"]
[WhiteElo "2634"]
[BlackElo "2436"]
[Result "1-0"]
[Round "08"]
[TimeControl "180+1"]
[Date "2022.02.15"]
[WhiteClock "0:02:08"]
[BlackClock "0:00:31"]

1. e4 e5 2. Nf3 Nc6 3. Bb5 Nf6 4. O-O Nxe4 5. d4 Nd6 6. dxe5 Nxb5 7. a4 Nbd4 8. Nxd4 d5 9. Nxc6 bxc6 10. Nd2 Be7 11. Nb3 c5 12. Na5 Qd7 13. f4 Ba6 14. c4 c6 15. f5 Qc7 16. Qe1 Bd8 17. Bd2 O-O 18. f6 Re8 19. Qg3 g6 20. Rae1 Kh8 21. Qg5 Bc8 22. Rf4 Re6 23. Qh6 1-0


[Site "https://www.chess.com"]

[Event "Titled Tuesday Blitz February 15 Early 2022"]
[White "Samadov, Read"]
[Black "Jakubowski, Krzysztof"]
[WhiteFideId "13417444"]
[BlackFideId "1112848"]
[WhiteElo "2084"]
[BlackElo "2365"]
[Result "1-0"]
[Round "08"]
[TimeControl "180+1"]
[Date "2022.02.15"]
[WhiteClock "0:01:17"]
[BlackClock "0:00:04"]

1. d4 Nf6 2. c4 e6 3. Nf3 Bb4+ 4. Nbd2 b6 5. a3 Bxd2+ 6. Qxd2 Bb7 7. e3 d6 8. Be2 Nbd7 9. b3 O-O 10. Bb2 a5 11. O-O Ne4 12. Qc2 f5 13. d5 e5 14. Nd2 Nxd2 15. Qxd2 Qe7 16. Rae1 Nc5 17. Qc2 c6 18. b4 axb4 19. axb4 Na4 20. dxc6 Bxc6 21. Ba1 Qb7 22. f3 b5 23. Rd1 Rfd8 24. Qxf5 bxc4 25. Bxc4+ d5 26. Bb3 Qxb4 27. Qxe5 Ra7 28. Bxd5+ Bxd5 29. Rxd5 Rf8 30. Qe6+ Kh8 31. Rd7 Rxd7 32. Qxd7 Nc3 33. Qc7 Ne2+ 34. Kf2 Qh4+ 35. Kxe2 Rg8 1-0


[Site "https://www.chess.com"]

[Event "Titled Tuesday Blitz February 15 Early 2022"]
[White "Samunenkov, Ihor"]
[Black "Noroozi, Omid"]
[WhiteFideId "14187086"]
[BlackFideId "12501190"]
[WhiteElo "2406"]
[BlackElo "2236"]
[Result "1-0"]
[Round "08"]
[TimeControl "180+1"]
[Date "2022.02.15"]
[WhiteClock "0:00:02"]
[BlackClock "0:00:10"]

1. d4 Nf6 2. c4 e6 3. Nc3 Bb4 4. e3 b6 5. Bd2 Bb7 6. Nf3 O-O 7. Bd3 d6 8. O-O Nbd7 9. a3 Bxc3 10. Bxc3 Ne4 11. Be1 f5 12. Nd2 Qg5 13. Nxe4 fxe4 14. Bc2 Rf6 15. Bc3 Rg6 16. g3 Rf8 17. f4 exf3 18. Bxg6 Qxe3+ 19. Rf2 hxg6 20. Qd2 Qxd2 21. Bxd2 Nf6 22. d5 Ne4 23. dxe6 Nxf2 24. Kxf2 Rf5 25. Re1 Kf8 26. e7+ Ke8 27. h4 b5 28. b3 bxc4 29. bxc4 Rc5 30. Bg5 Rc6 31. a4 Rxc4 32. Rb1 Rc2+ 33. Ke3 Re2+ 34. Kd3 Ba6+ 35. Kd4 f2 36. Rb8+ Kd7 37. Rd8+ Kc6 38. Rf8 d5 39. Rxf2 Re4+ 40. Kc3 Kc5 41. Rf8 d4+ 42. Kd2 Re2+ 43. Kd1 Kb4 44. e8=Q Rxe8 45. Rxe8 c5 46. Be7 d3 47. Rb8+ Kxa4 48. Bxc5 Bc4 49. Bxa7 Ka5 50. Kd2 Ka4 51. Bd4 Ba6 52. Bxg7 Ka5 53. g4 Ka4 54. h5 Ka5 55. hxg6 Ka4 56. Bc3 Ka3 57. Ra8 Ka2 58. Rxa6+ Kb3 59. Rb6+ Ka2 60. Kxd3 1-0


[Site "https://www.chess.com"]

[Event "Titled Tuesday Blitz February 15 Early 2022"]
[White "Sanal, Vahap"]
[Black "Mikhailovsky, Vladimir"]
[WhiteFideId "6300545"]
[BlackFideId "34105414"]
[WhiteElo "2603"]
[BlackElo "2371"]
[Result "1-0"]
[Round "08"]
[TimeControl "180+1"]
[Date "2022.02.15"]
[WhiteClock "0:00:32"]
[BlackClock "0:00:01"]

1. d4 d5 2. Nf3 Nf6 3. Bf4 c5 4. e3 Nc6 5. Nbd2 cxd4 6. exd4 Bg4 7. c3 e6 8. Qb3 Bd6 9. Qxb7 Bxf4 10. Qxc6+ Kf8 11. Ne5 Bf5 12. Qc5+ Kg8 13. Ndf3 Ne4 14. Qa3 f6 15. Nc6 Qb6 16. Ne7+ Kf7 17. Nxf5 exf5 18. Qb3 Rhe8 19. Be2 Qe6 20. O-O Rab8 21. Qc2 Nxc3 22. bxc3 Qxe2 23. Qxf5 Qe4 24. Qh5+ Kf8 25. Rae1 Qd3 26. Qxd5 Qxc3 27. Qf5 Bd6 28. Qxh7 Rbd8 29. Qh8+ Kf7 30. Qh5+ Kf8 31. g3 Qc4 32. Nh4 Qxa2 33. Ng6+ Kg8 34. Ra1 Qe6 35. Rxa7 Rd7 36. Ra6 Red8 37. Raa1 Qe8 38. Rae1 1-0


[Site "https://www.chess.com"]

[Event "Titled Tuesday Blitz February 15 Early 2022"]
[White "Sarana, Alexey"]
[Black "Cunjalo, Faris"]
[WhiteFideId "24133795"]
[BlackFideId "14410710"]
[WhiteElo "2665"]
[BlackElo "2263"]
[Result "1-0"]
[Round "08"]
[TimeControl "180+1"]
[Date "2022.02.15"]
[WhiteClock "0:00:05"]
[BlackClock "0:00:01"]

1. d4 c6 2. c4 d5 3. Nf3 Nf6 4. Nc3 e6 5. Bg5 Nbd7 6. cxd5 exd5 7. e3 Be7 8. Bd3 h6 9. Bf4 Nh5 10. Be5 Nxe5 11. dxe5 g6 12. h3 Ng7 13. O-O O-O 14. Qd2 h5 15. Nd4 c5 16. Nc2 Be6 17. f4 h4 18. Rad1 Qb6 19. b3 Rad8 20. Be2 Nf5 21. Kh2 d4 22. exd4 cxd4 23. Ne4 Ne3 24. Nxe3 dxe3 25. Qc3 Bf5 26. Nf6+ Bxf6 27. exf6 Rfe8 28. Rfe1 Rd6 29. Bc4 Rxf6 30. Rd5 Rc6 31. Re5 Rxe5 32. Qxe5 Be6 33. Bd3 Qc5 34. Rxe3 Qxe5 35. Rxe5 Rc3 36. Bxg6 Bxb3 37. Bb1 Be6 38. f5 Bc4 39. f6 Be6 40. Be4 b6 41. Rh5 Bxa2 42. Bh7+ Kf8 43. Bb1 Ke8 44. Bxa2 1-0


[Site "https://www.chess.com"]

[Event "Titled Tuesday Blitz February 15 Early 2022"]
[White "Sargissyan, Sargis"]
[Black "Samaganova, Aleksandra"]
[WhiteFideId "13303210"]
[BlackFideId "13800221"]
[WhiteElo "2174"]
[BlackElo "1859"]
[Result "0-1"]
[Round "08"]
[TimeControl "180+1"]
[Date "2022.02.15"]
[WhiteClock "0:00:04"]
[BlackClock "0:00:05"]

1. e4 c5 2. Nf3 e6 3. d4 cxd4 4. Nxd4 a6 5. Nc3 Qc7 6. Bd3 Nf6 7. f4 d6 8. Qf3 Nc6 9. Be3 Be7 10. g4 Nxd4 11. Bxd4 e5 12. fxe5 dxe5 13. Qg3 Bd6 14. Be3 Bb4 15. g5 Bxc3+ 16. bxc3 Qxc3+ 17. Ke2 Nd7 18. Qf2 Nf8 19. Rhf1 Be6 20. Rab1 Bg4+ 21. Qf3 Bxf3+ 22. Rxf3 b5 23. Rbf1 Ne6 24. Rxf7 Rf8 25. g6 hxg6 26. Rxf8+ Nxf8 27. Bd2 Qc5 28. Be3 Qc6 29. Rg1 Nd7 30. h4 Qe6 31. a3 Qh3 32. Rf1 Qe6 33. Rf2 Qg4+ 34. Ke1 Nf6 35. Bc5 Kd7 36. a4 Kc6 37. Be3 bxa4 38. Kd2 Rd8 39. Kc3 Nxe4+ 40. Kb4 Nxf2+ 0-1


[Site "https://www.chess.com"]

[Event "Titled Tuesday Blitz February 15 Early 2022"]
[White "Sargsyan, Anna M."]
[Black "Fernandez, Michael"]
[WhiteFideId "13308130"]
[BlackFideId "5803560"]
[WhiteElo "2271"]
[BlackElo "2110"]
[Result "0-1"]
[Round "08"]
[TimeControl "180+1"]
[Date "2022.02.15"]
[WhiteClock "0:01:20"]
[BlackClock "0:00:31"]

1. d4 b5 2. e4 Bb7 3. f3 b4 4. Bd3 e6 5. Ne2 c5 6. Be3 cxd4 7. Nxd4 Nf6 8. O-O Bc5 9. Bf2 O-O 10. Kh1 d6 11. Nd2 Nc6 12. Nxc6 Bxc6 13. e5 Bxf2 14. exf6 Bd4 15. fxg7 Bxg7 16. Qe2 Qh4 17. Rad1 Rad8 18. Be4 Bxe4 19. Nxe4 d5 20. Nc5 Bxb2 21. f4 Kh8 22. c4 bxc3 23. Rd3 Rc8 24. Nd7 c2 25. Rdd1 cxd1=Q 26. Qxb2+ f6 27. Rxd1 Rf7 28. Qb5 Qxf4 29. Nc5 Qc4 30. Qxc4 dxc4 31. Nxe6 c3 32. Rc1 c2 0-1


[Site "https://www.chess.com"]

[Event "Titled Tuesday Blitz February 15 Early 2022"]
[White "Sarkar, Justin"]
[Black "Danaci, Ege"]
[WhiteFideId "2010011"]
[BlackFideId "34506748"]
[WhiteElo "2038"]
[BlackElo "1799"]
[Result "1-0"]
[Round "08"]
[TimeControl "180+1"]
[Date "2022.02.15"]
[WhiteClock "0:00:40"]
[BlackClock "0:01:38"]

1. e4 d5 2. exd5 Qxd5 3. Nc3 Qd8 4. d4 Nf6 5. Nf3 Bg4 6. h3 Bh5 7. g4 Bg6 8. Ne5 Nbd7 9. Nxg6 hxg6 10. Bg2 c6 11. d5 cxd5 12. Nxd5 e6 13. Nxf6+ Qxf6 14. Bxb7 Bc5 15. Qf3 Rb8 16. Qxf6 gxf6 17. Bc6 Ke7 18. Bxd7 Kxd7 19. Be3 Bxe3 20. fxe3 Rxb2 21. O-O-O+ Ke7 22. Kxb2 1-0


[Site "https://www.chess.com"]

[Event "Titled Tuesday Blitz February 15 Early 2022"]
[White "Selbes, Tarik"]
[Black "Weetik, Vjacheslav"]
[WhiteFideId "6302513"]
[BlackFideId "4153472"]
[WhiteElo "2290"]
[BlackElo "2469"]
[Result "0-1"]
[Round "08"]
[TimeControl "180+1"]
[Date "2022.02.15"]
[WhiteClock "0:00:04"]
[BlackClock "0:00:04"]

1. d4 Nf6 2. Nf3 e6 3. Bf4 d5 4. Nbd2 Bd6 5. Bxd6 cxd6 6. e3 Nc6 7. c4 O-O 8. a3 b6 9. cxd5 exd5 10. Bd3 Ne7 11. O-O Bb7 12. Rc1 Qd7 13. Re1 Ne4 14. Nf1 Ng6 15. Ng3 f5 16. Nd2 Rae8 17. f3 Ng5 18. Qc2 f4 19. Bxg6 hxg6 20. exf4 Rxe1+ 21. Rxe1 Ne6 22. Qxg6 Nxf4 23. Qg5 Ba6 24. Re7 Ne6 25. Rxd7 Nxg5 26. Rxa7 Bd3 27. h4 Ne6 28. Nb3 Bc2 29. Nd2 Nxd4 30. Rd7 Rf6 31. Nh5 Rg6 32. Kf2 Bf5 33. Rb7 b5 34. Nf1 Bd3 35. Ne3 Bc4 36. g4 Ne6 37. Nf5 Kf8 38. Nxd6 Nc5 39. Rc7 Nd3+ 40. Kg3 Rxd6 41. g5 g6 42. Nf6 Ne5 43. f4 Nf7 44. h5 gxh5 45. Nxh5 Bd3 46. Kf2 d4 47. Nf6 Bf5 48. Ke1 d3 49. Kd2 Rd4 50. Rc5 Rxf4 51. Ke3 Rf1 52. Rxb5 Kg7 53. Nh5+ Kg6 54. Ng3 Re1+ 55. Kd2 Re5 56. Rb6+ Kxg5 57. Nxf5 Kxf5 58. Kxd3 Re1 59. a4 Ne5+ 60. Kc3 Ke4 61. a5 Rc1+ 62. Kd2 Ra1 63. Rb4+ Kd5 64. Rb5+ Kd4 65. b4 Ra2+ 66. Kc1 Nd3+ 67. Kb1 Rb2+ 68. Ka1 Kc3 0-1


[Site "https://www.chess.com"]

[Event "Titled Tuesday Blitz February 15 Early 2022"]
[White "Seo, Jung Min"]
[Black "Nesterov, Arseniy"]
[WhiteFideId "1734687"]
[BlackFideId "24198455"]
[WhiteElo "2401"]
[BlackElo "2489"]
[Result "1/2-1/2"]
[Round "08"]
[TimeControl "180+1"]
[Date "2022.02.15"]
[WhiteClock "0:00:57"]
[BlackClock "0:00:09"]

1. e4 e5 2. Nf3 Nc6 3. Bb5 a6 4. Ba4 b5 5. Bb3 Na5 6. O-O d6 7. d4 exd4 8. Nxd4 Bb7 9. c3 Nxb3 10. axb3 g6 11. Re1 Bg7 12. b4 Ne7 13. Nd2 O-O 14. N2b3 Rb8 15. Bf4 h6 16. e5 Nd5 17. Bg3 dxe5 18. Bxe5 Bxe5 19. Rxe5 Qf6 20. Re1 Nf4 21. f3 Qg5 22. Qc2 Rbd8 23. Kh1 Rfe8 24. Nc5 Bd5 25. Nxa6 Bc4 26. Nxc7 Re2 27. Rxe2 Bxe2 28. Rg1 Qe5 29. Na6 Nh3 30. Re1 Nf2+ 31. Kg1 Qe3 32. Qxe2 Nh3+ 33. Kh1 Nf2+ 34. Kg1 Nh3+ 35. Kh1 Nf2+ 36. Kg1 1/2-1/2


[Site "https://www.chess.com"]

[Event "Titled Tuesday Blitz February 15 Early 2022"]
[White "Shton, Roman"]
[Black "Vine, Elzbieta"]
[WhiteFideId "14137461"]
[BlackFideId "1119320"]
[WhiteElo "2038"]
[BlackElo "1842"]
[Result "1-0"]
[Round "08"]
[TimeControl "180+1"]
[Date "2022.02.15"]
[WhiteClock "0:02:38"]
[BlackClock "0:00:09"]

1. d4 d5 2. Nf3 Nf6 3. g3 c5 4. Bg2 cxd4 5. b3 Nc6 6. Nxd4 e5 7. Nxc6 bxc6 8. Bb2 Bd6 9. c4 O-O 10. cxd5 cxd5 11. Nc3 Be6 12. O-O Rc8 13. Nb5 Bb8 14. Rc1 a6 15. Nc3 Re8 16. Na4 d4 17. Nc5 Bd5 18. f3 1-0


[Site "https://www.chess.com"]

[Event "Titled Tuesday Blitz February 15 Early 2022"]
[White "Shuvalova, Polina"]
[Black "Kovanova, Baira"]
[WhiteFideId "24171760"]
[BlackFideId "4164083"]
[WhiteElo "2355"]
[BlackElo "2190"]
[Result "1/2-1/2"]
[Round "08"]
[TimeControl "180+1"]
[Date "2022.02.15"]
[WhiteClock "0:00:32"]
[BlackClock "0:00:15"]

1. e4 e5 2. Nf3 Nc6 3. Bb5 a6 4. Bxc6 dxc6 5. O-O Bg4 6. h3 h5 7. d3 Qf6 8. Be3 Bxf3 9. Qxf3 Qxf3 10. gxf3 Bd6 11. Nd2 Ne7 12. Nc4 g5 13. Kh2 f6 14. d4 exd4+ 15. Nxd6+ cxd6 16. Bxd4 Kf7 17. Rad1 Ng6 18. Rd2 Rad8 19. c4 Ke6 20. Rfd1 Rd7 21. b3 Rhh7 22. Be3 Ne5 23. Kg2 Rhg7 24. Bd4 Ng6 25. Kg3 Rgf7 26. Be3 h4+ 27. Kg2 Rg7 28. Kh2 Ne5 29. Kg2 Ng6 30. a4 Ne5 31. a5 Ng6 32. Bd4 Nf4+ 33. Kh2 Ng6 34. b4 Ne5 35. Bxe5 dxe5 36. Kg2 Rxd2 37. Rxd2 Rd7 38. Rxd7 Kxd7 39. Kf1 Kd6 40. Ke2 Ke6 41. Ke3 Kd6 42. Kd3 Ke6 43. Ke3 Kd6 44. Kd2 Ke6 45. Kd3 Kd6 46. Kc3 Ke6 47. Kd3 Kd6 48. Ke3 Ke6 49. Kd3 1/2-1/2


[Site "https://www.chess.com"]

[Event "Titled Tuesday Blitz February 15 Early 2022"]
[White "Shvedova, Alexandra"]
[Black "Janaszak, Dawid"]
[WhiteFideId "54154782"]
[BlackFideId "1119206"]
[WhiteElo "1920"]
[BlackElo "2199"]
[Result "0-1"]
[Round "08"]
[TimeControl "180+1"]
[Date "2022.02.15"]
[WhiteClock "0:00:13"]
[BlackClock "0:00:53"]

1. e4 c5 2. Ne2 Nc6 3. d4 cxd4 4. Nxd4 g6 5. c4 Bg7 6. Be3 Qb6 7. Nb5 Qd8 8. N1c3 a6 9. Nd4 d6 10. Be2 Nf6 11. O-O O-O 12. Rc1 Bd7 13. f3 Rb8 14. Qd2 Nxd4 15. Bxd4 Bc6 16. Rfd1 Nd7 17. Be3 b5 18. cxb5 axb5 19. b3 b4 20. Nd5 Bxd5 21. Qxd5 Bc3 22. f4 Nf6 23. Qd3 Qa5 24. a4 Rfd8 25. Bd4 d5 26. e5 Ne4 27. Bf3 Bxd4+ 28. Qxd4 Nc3 29. Re1 e6 30. Kh1 Qb6 31. Qd2 d4 32. h3 d3 33. g4 Rd4 34. f5 Rbd8 35. f6 Qc5 36. Rg1 Qxe5 37. g5 Qf4 38. Qxf4 Rxf4 39. a5 Rxf3 0-1


[Site "https://www.chess.com"]